 Dungeon Crawl Stone Soup version 0.21.1-1-g345015fe64 (webtiles) character file.

46197 Loge the Brawler (level 14, -9/146 HPs)
             Began as a Troll Monk on July 18, 2018.
             Was the Champion of Makhleb.
             Hit by a tomahawk thrown by an orc warrior (10 damage)
             ... on level 2 of the Orcish Mines.
             The game lasted 00:47:54 (16605 turns).

Loge the Brawler (Troll Monk)                      Turns: 16605, Time: 00:47:55

Health: -9/146     AC:  5    Str: 22    XL:     14   Next: 3%
Magic:  0/18       EV: 11    Int:  6    God:    Makhleb [******]
Gold:   1722       SH:  0    Dex: 16    Spells: 13/13 levels left

rFire    . . .     SeeInvis .     - Unarmed
rCold    . . .     Gourm    +   (no shield)
rNeg     . . .     Faith    .   I - +1 steam dragon scales
rPois    +         Spirit   +   (helmet restricted)
rElec    .         Reflect  .   k - scarf {Spirit}
rCorr    +         Harm     .   (gloves unavailable)
MR       +....                  (boots unavailable)
Stlth    ++........             (no amulet)
HPRegen  0.74/turn              y - ring of poison resistance
MPRegen  0.16/turn              A - ring of resist corrosion

@: corroded
A: large, unfitting armour, claws 3, fast metabolism 3, gourmand, regeneration
1, shaggy fur 1, tough skin 2
a: Minor Destruction, Lesser Servant of Makhleb, Major Destruction, Greater
Servant of Makhleb, Renounce Religion


You were on level 2 of the Orcish Mines.
You worshipped Makhleb.
Makhleb was exalted by your worship.
You were very full.

You visited 4 branches of the dungeon, and saw 20 of its levels.
You also visited: Volcano.

You collected 1722 gold pieces.

Inventory:

Missiles
 d - 14 large rocks (quivered)
 e - 544 stones
 G - a throwing net
Armour
 k - a scarf of spirit shield (worn)
 D - a +0 cloak of fire resistance
 I - +1 steam dragon scales (worn)
 W - a +0 robe of magic resistance
Jewellery
 j - a +3 ring of evasion
 y - a ring of poison resistance (left claw)
 A - a ring of resist corrosion (right claw)
 H - an uncursed ring of ice
 V - an uncursed ring of protection from magic
Wands
 B - a wand of scattershot (4)
 K - a wand of polymorph (13)
 N - a wand of iceblast (7)
 O - a wand of enslavement (25)
 U - a wand of acid (6)
Scrolls
 a - a scroll of holy word
 c - 3 scrolls of magic mapping
 h - 7 scrolls of teleportation
 o - 3 scrolls of fear
 q - a scroll of noise {unknown}
 r - 7 scrolls of remove curse
 u - 4 scrolls of fog
 v - 3 scrolls of blinking
 x - a scroll of enchant armour
 E - a scroll of enchant weapon
 M - a scroll of summoning
 Q - 2 scrolls of amnesia
 Y - 4 scrolls of brand weapon
Potions
 f - 2 potions of berserk rage
 g - 2 potions of lignification
 i - 3 potions of agility
 l - 11 potions of curing
 m - a potion of magic
 n - 3 potions of haste
 p - 6 potions of flight
 t - 2 potions of ambrosia
 w - 2 potions of invisibility
 z - 2 potions of cancellation
 F - 2 potions of heal wounds
 J - 2 potions of resistance
 Z - 2 potions of might
Miscellaneous
 C - a sack of spiders
 X - a phantom mirror
Comestibles
 b - 31 rations
 s - 24 chunks of flesh


   Skills:
 + Level 11.5 Fighting
 - Level 2.4 Dodging
 - Level 1.0 Stealth
 * Level 17.9 Unarmed Combat
 + Level 7.8 Invocations


You had 13 spell levels left.
You didn't know any spells.

Dungeon Overview and Level Annotations

Branches:
Dungeon (11/15)            Temple (1/1) D:5            Lair (6/6) D:11
  Swamp (0/4) Lair:3       Spider (0/4) Lair:3        Slime (0/5) Lair:6
    Orc (2/2) D:11            Elf (0/3) Orc:2

Altars:
Ashenzari
Cheibriados
Dithmenos
Fedhas
Gozag
Hepliaklqana
Kikubaaqudgha
Makhleb
Nemelex Xobeh
Okawaru
Sif Muna
Uskayaw
Vehumet
Xom
Yredelemnul
Zin
Jiyva

Shops:
D:6 [   D:11 *:

Annotations:
D:6 2 transporters
D:7 exclusion: ice statue
D:9 exclusion: door
Lair:6 1 runed door


Innate Abilities, Weirdness & Mutations

You are too large for most types of armour.
You have claws for hands.
Your metabolism is lightning-fast.
You like to eat raw meat.
Your natural rate of healing is unusually fast.
You are covered in fur. (AC +1)
You have very tough skin. (AC +2)


Message History

The orc warrior throws a tomahawk.
The tomahawk hits you but does no damage.
The orc high priest mumbles some strange prayers to Beogh against you.
Beogh smites you!
* * * LOW HITPOINT WARNING * * *
You hear a shout!
You see here 2 tomahawks.
The hellwing swoops through the air toward you!
The hellwing hits you!
* * * LOW HITPOINT WARNING * * *
The hellwing barely misses you. The hellwing hits you.
* * * LOW HITPOINT WARNING * * *
The hellwing hits you.
* * * LOW HITPOINT WARNING * * *
The orc high priest invokes the aid of Beogh against you.
Pain shoots through your body!
* * * LOW HITPOINT WARNING * * *
The orc warrior throws a tomahawk.
The tomahawk hits you!
You die...

..)...........>#.#.#
........÷..........##
).......))..........
).......))........#
..................#
..................#
.........##.......#
.........#....[...##
.....##.###.#.#4@..#
.#....### ######4..##
. ........
#(o..##..÷. ........
##.(o4.÷..#
##)oo...## ##...###
####


You could see an orc high priest, a hellwing, a rust devil, a red devil, 2 orc
warriors and an orc.

Vanquished Creatures
  A stone giant (Orc:2)
  The ghost of brittlin the Severer, a journeyman HOFi of Makhleb (Lair:1)
  Fannar (Lair:1)
  2 hydras
  2 centaur warriors (D:11)
  3 two-headed ogres
  A hell hog (Volcano)
  The ghost of Loge the Grappler, a novice TrMo of Makhleb (D:8)
  An orc high priest (Orc:2)
  A fire crab (Volcano)
  An unseen horror (D:11)
  Pikel (D:6)
  3 ugly things (D:11)
  3 orc knights
  An oklob plant (Lair:1)
  A manticore (D:11)
  3 cyclopes (D:11)
  Joseph (D:7)
  9 elephants
  4 black mambas
  2 molten gargoyles (Volcano)
  An efreet (D:11)
  8 spiny frogs
  6 komodo dragons
  3 polar bears
  5 trolls
  A wind drake (shapeshifter) (D:11)
  7 blink frogs
  6 hippogriffs
  2 wyverns (Lair:6)
  15 yaks
  6 fire bats (Volcano)
  3 hogs (D:8)
  A human (D:8)
  A wraith (D:11)
  4 vampire mosquitoes
  A basilisk (Lair:6)
  2 hungry ghosts (D:11)
  2 steam dragons
  2 wargs (Orc:2)
  2 hell hounds (Volcano)
  2 black bears
  3 porcupines
  11 water moccasins
  4 ice beasts
  5 sky beasts
  A slave (D:6)
  2 phantoms
  10 orc warriors
  A hornet zombie (D:11)
  A necrophage (D:10)
  7 ogres
  9 wolves
  7 crocodiles
  14 centaurs
  A big kobold (D:10)
  18 bullfrogs
  A wyvern zombie (D:11)
  A wyvern skeleton (D:11)
  A water moccasin skeleton (D:11)
  3 scorpions
  6 wights
  9 killer bees
  3 howler monkeys
  2 electric eels (Lair:1)
  6 crimson imps
  3 centaur zombies
  5 lava snakes (Volcano)
  A bullfrog zombie (D:11)
  6 hounds
  3 quasits
  A jelly (D:6)
  A bullfrog skeleton (D:11)
  A gnoll shaman (Orc:2)
  13 orc priests
  14 orc wizards
  4 centaur skeletons
  3 iguanas
  17 worker ants
  2 hound skeletons (D:7)
  A hound zombie (D:6)
  A howler monkey zombie (D:11)
  A worker ant zombie (D:6)
  7 adders
  6 gnolls
  A shadow imp (D:6)
  A worker ant simulacrum (D:11)
  2 oozes
  An adder skeleton (D:9)
  2 adder zombies (D:8)
  3 worms
  2 dart slugs
  7 leopard geckos
  44 orcs
  8 giant cockroaches
  2 gnoll zombies (D:6)
  7 goblins
  7 hobgoblins
  21 jackals
  16 kobolds
  5 quokkas
  2 ball pythons
  A ball python zombie (D:5)
  6 bats
  2 frilled lizards
  A leopard gecko zombie (D:7)
  A quokka zombie (D:5)
  11 rats
492 creatures vanquished.

Vanquished Creatures (collateral kills)
  2 hydras
2 creatures vanquished.

Vanquished Creatures (others)
  A worker ant zombie (D:11)
  An orc (Orc:2)
  2 fungi (Lair:6)
  14 plants (Lair:1)
18 creatures vanquished.

Grand Total: 512 creatures vanquished

Notes
Turn   | Place    | Note
-------+----------+-------------------------------------------
     0 | D:1      | Loge the Troll Monk began the quest for the Orb.
     0 | D:1      | Reached XP level 1. HP: 22/22 MP: 0/0
   216 | D:1      | Reached XP level 2. HP: 26/29 MP: 1/1
   460 | D:1      | Reached XP level 3. HP: 34/36 MP: 2/2
   718 | D:2      | Reached skill level 4 in Unarmed Combat
   747 | D:2      | Found a radiant altar of Vehumet.
   831 | D:2      | Reached XP level 4. HP: 15/45 MP: 1/3
  1767 | D:4      | Reached skill level 5 in Unarmed Combat
  1793 | D:4      | Reached XP level 5. HP: 51/53 MP: 4/4
  1878 | D:4      | Noticed an ogre
  1887 | D:4      | Killed an ogre
  2095 | D:4      | Reached XP level 6. HP: 62/62 MP: 5/5
  2218 | D:4      | Reached skill level 6 in Unarmed Combat
  2230 | D:4      | Found a shadowy altar of Dithmenos.
  2385 | D:5      | Entered Level 5 of the Dungeon
  2606 | D:5      | Reached XP level 7. HP: 52/71 MP: 3/6
  2651 | D:5      | Reached skill level 7 in Unarmed Combat
  2683 | D:5      | Found a staircase to the Ecumenical Temple.
  2688 | Temple   | Entered the Ecumenical Temple
  2692 | Temple   | Became a worshipper of Makhleb the Destroyer
  2692 | Temple   | Reached * piety under Makhleb
  2692 | Temple   | Reached ** piety under Makhleb
  3085 | D:5      | Found an ancient bone altar of Kikubaaqudgha.
  3085 | D:5      | Found a snail-covered altar of Cheibriados.
  3090 | D:5      | Found a shattered altar of Ashenzari.
  3092 | D:5      | Found a sparkling altar of Nemelex Xobeh.
  3094 | D:5      | Found a deep blue altar of Sif Muna.
  3644 | D:6      | Reached skill level 8 in Unarmed Combat
  3646 | D:6      | Reached skill level 5 in Fighting
  3711 | D:6      | Found a transporter.
  3711 | D:6      | Found a hazy altar of Hepliaklqana.
  3711 | D:6      | Noticed a fire dragon
  3713 | D:6      | Found a glowing silver altar of Zin.
  3714 | D:6      | Found a transporter.
  3758 | D:6      | Noticed Pikel
  3777 | D:6      | Killed Pikel
  3777 | D:6      | Reached skill level 9 in Unarmed Combat
  3777 | D:6      | Reached XP level 8. HP: 71/81 MP: 4/7
  3848 | D:6      | Found Fafaibok's Antique Armour Boutique.
  4347 | D:6      | Found a basalt altar of Yredelemnul.
  4520 | D:7      | Found an opulent altar of Gozag.
  4632 | D:7      | Reached *** piety under Makhleb
  4658 | D:7      | Noticed a hippogriff
  4667 | D:7      | Reached skill level 10 in Unarmed Combat
  4673 | D:7      | Reached XP level 9. HP: 86/89 MP: 6/8
  4710 | D:7      | Noticed Joseph
  4735 | D:7      | Killed Joseph
  4977 | D:7      | You fall through a shaft for 2 floors!
  5028 | D:9      | Reached skill level 11 in Unarmed Combat
  5287 | D:8      | Noticed a troll
  5295 | D:8      | Killed a troll
  5449 | D:8      | Noticed Loge's ghost (novice TrMo)
  5561 | D:7      | Reached XP level 10. HP: 101/102 MP: 9/9
  5685 | D:7      | Noticed an ice statue
  5919 | D:8      | Reached skill level 12 in Unarmed Combat
  6028 | D:8      | HP: 5/104 [Loge's ghost (18)]
  6070 | D:8      | Killed Loge's ghost
  6070 | D:8      | Reached **** piety under Makhleb
  6421 | D:9      | Found an iron altar of Okawaru.
  6711 | D:9      | Noticed a two-headed ogre
  6723 | D:9      | Killed a two-headed ogre
  6723 | D:9      | Reached skill level 13 in Unarmed Combat
  7227 | D:10     | Entered Level 10 of the Dungeon
  7481 | D:10     | Reached XP level 11. HP: 104/113 MP: 8/10
  7818 | D:11     | Reached skill level 14 in Unarmed Combat
  7829 | D:11     | Killed an unseen horror
  7829 | D:11     | Reached ***** piety under Makhleb
  8011 | D:11     | Found a staircase to the Orcish Mines.
  8207 | D:11     | Noticed a six-headed hydra
  8353 | D:11     | HP: 1/115 [six-headed hydra (5)]
  8464 | D:10     | Killed a six-headed hydra
  8634 | D:11     | Reached skill level 1 in Invocations
  8815 | D:11     | Noticed a white ugly thing
  8823 | D:11     | Killed a white ugly thing
  8823 | D:11     | Reached skill level 15 in Unarmed Combat
  8892 | D:11     | Noticed a centaur warrior
  8898 | D:11     | Killed a centaur warrior
  8923 | D:11     | Noticed a white ugly thing
  8929 | D:11     | Killed a white ugly thing
  8933 | D:11     | Got a smoking mace
  8934 | D:11     | Identified the +11 mace of Rotation {antimagic, Int+4} (You found it on level 11 of the Dungeon)
  8947 | D:11     | Reached XP level 12. HP: 126/126 MP: 13/13
  8998 | D:11     | Noticed a centaur warrior
  8999 | D:11     | Found a runed door.
  9016 | D:11     | Killed a centaur warrior
  9083 | D:11     | Found a staircase to the Lair.
  9169 | D:11     | Found Vueruigo's Serpentskin Sales.
  9176 | D:11     | Reached skill level 10 in Fighting
  9223 | D:11     | Noticed a two-headed ogre
  9229 | D:11     | Killed a two-headed ogre
  9487 | D:11     | Found Kyenken's Book Boutique.
  9488 | D:11     | Noticed a two-headed ogre
  9496 | D:11     | Killed a two-headed ogre
  9720 | Lair:1   | Entered Level 1 of the Lair of Beasts
  9954 | Lair:1   | Noticed a five-headed hydra
  9963 | Lair:1   | Killed a six-headed hydra
  9963 | Lair:1   | Reached skill level 16 in Unarmed Combat
 10197 | Lair:1   | Reached skill level 5 in Invocations
 10407 | Lair:1   | Noticed brittlin's ghost (journeyman HOFi)
 10424 | Lair:1   | Killed brittlin's ghost
 10443 | Lair:1   | Noticed Fannar
 10460 | Lair:1   | Killed Fannar
 11726 | Lair:3   | Found a dark tunnel.
 11734 | Volcano  | Entered a volcano
 11954 | Volcano  | Reached XP level 13. HP: 121/135 MP: 13/16
 11977 | Volcano  | Found a bloodstained altar of Trog.
 12528 | Lair:3   | Found a hole to the Spider Nest.
 12668 | Lair:3   | Found a staircase to the Swamp.
 12677 | Lair:3   | Reached skill level 17 in Unarmed Combat
 12720 | Lair:3   | Reached ****** piety under Makhleb
 13381 | Lair:4   | Found a labyrinth entrance.
 13575 | Lair:4   | You fall through a shaft for 2 floors!
 13575 | Lair:6   | Entered Level 6 of the Lair of Beasts
 13592 | Lair:6   | Found a runed door.
 14080 | Lair:5   | HP: 6/137 [seven-headed hydra (4)]
 15503 | Lair:6   | Found a viscous altar of Jiyva.
 15588 | Lair:6   | Noticed an azure jelly
 15589 | Lair:6   | Found a staircase to the Slime Pits.
 15589 | Lair:6   | Noticed an azure jelly
 15590 | Lair:6   | Noticed an azure jelly
 15796 | Orc:1    | Entered Level 1 of the Orcish Mines
 16033 | Orc:2    | Entered Level 2 of the Orcish Mines
 16305 | Orc:2    | Noticed a stone giant
 16325 | Orc:2    | Killed a stone giant
 16533 | Orc:2    | Found a staircase to the Elven Halls.
 16575 | Orc:2    | Reached XP level 14. HP: 141/146 MP: 18/18
 16605 | Orc:2    | HP: 1/146 [orc high priest/nerve-wracking pain (8)]
 16605 | Orc:2    | Hit by a tomahawk thrown by an orc warrior

Skill      XL: |  1  2  3  4  5  6  7  8  9 10 11 12 13 |
---------------+----------------------------------------+-----
Unarmed Combat | 4 5 6 9 10 11 13 15 16 17 | 17.9
Fighting       | 3 4 5 6 7 8 9 10 11 | 11.5
Invocations    | 3 5 7 |  7.8
Dodging        | |  2.4
Stealth        | |  1.0

Action                   |  1- 3 |  4- 6 |  7- 9 | 10-12 | 13-15 || total
-------------------------+-------+-------+-------+-------+-------++-------
Melee: Unarmed           |    86 |   149 |   256 |   611 |   379 ||  1481
       Punch             |     1 |     3 |     8 |    47 |    50 ||   109
       Whip              |       |       |       |     9 |       ||     9
Invok: Lesser Servant of |       |       |       |     3 |     7 ||    10
  Use: Scroll            |       |     9 |     1 |    15 |     6 ||    31
 Stab: Sleeping          |     1 |     5 |     1 |     5 |     2 ||    14
       Distracted        |       |       |       |     2 |     1 ||     3
  Eat: Chunk             |    13 |    16 |    27 |    60 |    48 ||   164
Armor: Robe              |    27 |    37 |    61 |     4 |       ||   129
       Steam dragon scal |       |       |       |   232 |   110 ||   342
Dodge: Dodged            |    48 |    69 |   139 |   455 |   228 ||   939
